 Dungeon Sprint DCSS version 0.20-a0-548-g4f8a798 (webtiles) character file.

18715 dvd the Severer (level 12, -12/137 HPs)
             Began as a Troll Berserker on Feb 1, 2017.
             Was the Champion of Trog.
             Mangled by a six-headed hydra (13 damage)
             ... in the Dungeon (Sprint III: "The Ten Rune Challenge").
             The game lasted 00:16:21 (2222 turns).

dvd the Severer (Troll Berserker)                   Turns: 2222, Time: 00:16:21

Health: -12/137    AC:  9    Str: 28    XL:     12   Next: 30%
Magic:  0/11       EV: 17    Int:  3    God:    Trog [******]
Gold:   4193       SH:  0    Dex: 13    Spells: 11/11 levels left

rFire    . . .     SeeInvis .   s - +6 executioner's axe (flame)
rCold    . . .     Gourm    +   b - +0 animal skin
rNeg     . . .     Faith    .   (shield currently unavailable)
rPois    .         Spirit   +   z - +2 hat {Spirit}
rElec    .         Reflect  .   (no cloak)
rCorr    .         Harm     .   (gloves unavailable)
MR       .....     NoTele   +   (boots unavailable)
Stlth    +++.......             (no amulet)
Regen    0.8/turn               (no ring)
                                (no ring)

@: no status effects
A: unfitting armour, claws 3, yellow scales 1, fast metabolism 3, gourmand,
regeneration 1, shaggy fur 1, tough skin 2
a: Berserk, Trog's Hand, Brothers in Arms, Burn Spellbooks, Renounce Religion


You were in the Dungeon.
You worshipped Trog.
Trog was exalted by your worship.
You were very full.

You visited 1 branch You collected 4193 gold pieces.

Inventory:

Hand Weapons
 a - a +8 battleaxe of chopping
 j - a +1 antimagic broad axe
 s - a +6 executioner's axe of flaming (weapon)
 u - a +7 antimagic demon trident
 w - a +3 antimagic executioner's axe
 x - the +4 giant spiked club of Resumed Hostilities {speed, Int+4}
   (Trog gifted it to you in the Dungeon)

   Attacks with this weapon are significantly faster.
   It affects your intelligence (+4).
 C - a +7 antimagic giant club
 D - a +6 antimagic dire flail
Missiles
 r - 4 large rocks (quivered)
 t - 2 poisoned javelins
 E - 7 javelins
Armour
 b - a +0 animal skin (worn)
 z - a +2 hat of spirit shield (worn)
Scrolls
 i - a scroll of blinking
 k - 2 scrolls of torment {unknown}
 l - 4 scrolls of identify
 m - a scroll of fear {unknown}
 p - a scroll of amnesia {unknown}
 y - a scroll of immolation {unknown}
Potions
 d - 3 potions of curing
 e - a potion of heal wounds
 f - a potion of haste
 g - 4 potions of magic
 h - a potion of berserk rage
 n - 3 potions of cure mutation
 o - 2 potions of flight
 B - a potion of mutation
Comestibles
 c - 3 bread rations
 q - 31 royal jellies
 v - a chunk of flesh


   Skills:
 + Level 13.8 Fighting
 + Level 15.6(16.7) Axes
 + Level 11.7(15.5) Maces & Flails
 + Level 12.2 Dodging
 + Level 4.3 Stealth


You had 11 spell levels left.
You didn't know any spells.

Dungeon Overview and Level Annotations

Branches:
Dungeon (1/1)

Altars:
Cheibriados
Dithmenos
Elyvilon
Fedhas
Gozag
Hepliaklqana
Kikubaaqudgha
Makhleb
Nemelex Xobeh
Okawaru
Qazlal
Ru
Sif Muna
Trog
Uskayaw
Vehumet
Xom
Yredelemnul
Zin
The Shining One
Beogh
Jiyva
Lugonu

Shops:
D (


Innate Abilities, Weirdness & Mutations

You are too large for most types of armour.
You have claws for hands.
Your metabolism is lightning-fast.
You like to eat raw meat.
Your natural rate of healing is unusually fast.
You are covered in fur. (AC +1)
You have very tough skin. (AC +2)
You are partially covered in yellow scales. (AC +2)


Message History

The six-headed hydra is moderately wounded.
The six-headed hydra bites you!
The six-headed hydra closely misses you.
The six-headed hydra bites you.
The six-headed hydra bites you but does no damage.
The six-headed hydra bites you! x2
* * * LOW HITPOINT WARNING * * *
Unknown command.
Your stone giant goes berserk!
The six-headed hydra bites you!
* * * LOW HITPOINT WARNING * * *
The six-headed hydra bites you!
* * * LOW HITPOINT WARNING * * *
The six-headed hydra bites you!
* * * LOW HITPOINT WARNING * * *
The six-headed hydra bites you but does no damage.
The six-headed hydra bites you.
* * * LOW HITPOINT WARNING * * *
The six-headed hydra bites you!
You die...

♣♣.....♣♣♣♣≈≈≈........≈≈≈...##.#.
♣♣.≈≈≈≈'♣♣(♣≈≈≈≈≈≈≈≈≈≈≈≈♣♣P.'.#.#
≈'.....#.≈♣♣♣♣♣♣♣♣♣♣♣♣♣♣♣♣PP##.#.
♣♣♣♣♣♣♣#..♣♣ ♣♣♣##+## ♣
###'♣♣♣♣♣♣♣♣♣♣♣♣♣♣ ##♣
♣♣♣♣.##..##≈≈≈≈≈≈.. ..♣♣
♣...##.##.#≈≈≈≈≈... ##'♣
♣♣.##.##C##D(≈≈≈§# ...♣
♣..#.##.)@#≈≈...§. ####♣♣
♣♣.##.##..#≈..+### .†.PP♣
♣♣.##.#####...# ....P♣ ♣.....#
...# #+#### ####### #### #Z♣ #♣P
. ♣.


You could see a six-headed hydra and a friendly stone giant (berserk).

Vanquished Creatures
  Rupert (D)
  Gastronok (D)
  2 dire elephants (D)
  Josephine (D)
  A hydra (D)
  A centaur warrior (D)
  2 orc high priests (D)
  A death yak (D)
  Urug (D)
  An unseen horror (D)
  A lindwurm (D)
  A deep elf mage (D)
  2 elephants (D)
  A komodo dragon (D)
  2 spiny frogs (D)
  A rime drake (D)
  A queen bee (D)
  2 tyrant leeches (D)
  5 blink frogs (D)
  3 redbacks (D)
  A shadow (D)
  A swamp drake (D)
  A necrophage (D)
  2 centaurs (D)
  An earth elemental (D)
  3 wandering mushrooms (D)
  A water elemental (D)
  17 killer bees (D)
  An electric eel (D)
  A jelly (D)
  An orc wizard (D)
  2 orc priests (D)
  A wizard (D)
  Jessica (D)
  A necromancer (D)
  A kobold demonologist (D)
  2 humans (D)
  An ooze (D)
  A phantom (D)
  6 orcs (D)
  A rat (D)
78 creatures vanquished.

Vanquished Creatures (collateral kills)
  3 death yaks (D)
  2 black mambas (D)
  3 blink frogs (D)
  A human (D)
  An orc warrior (D)
  15 killer bees (D)
  3 orc wizards (D)
28 creatures vanquished.

Vanquished Creatures (others)
  2 draconian scorchers (D)
  6 hellions (D)
  3 yaktaurs (D)
  2 orc wizards (D)
  An orc (D)
  2 plants (D)
16 creatures vanquished.

Grand Total: 122 creatures vanquished

Notes
Turn   | Place    | Note
-------+----------+-------------------------------------------
     0 | D        | dvd the Troll Berserker began the quest for the Orb.
     0 | D        | Reached XP level 1. HP: 22/22 MP: 0/0
    21 | D        | Noticed Jessica
    23 | D        | Killed Jessica
    23 | D        | Reached ** piety under Trog
    23 | D        | Reached XP level 2. HP: 32/32 MP: 1/1
    23 | D        | Reached XP level 3. HP: 39/39 MP: 2/2
    69 | D        | Gained mutation: Your spells are a little easier to cast, but a little less powerful. [potion of mutation]
    69 | D        | Gained mutation: Potions are less effective at restoring your health. [potion of mutation]
    69 | D        | Gained mutation: You are partially covered in yellow scales. (AC +2) [potion of mutation]
    70 | D        | Gained mutation: You are surrounded by a mild repulsion field. (EV +2) [potion of mutation]
    70 | D        | Gained mutation: You are clumsy. (Dex -2) [potion of mutation]
    72 | D        | Lost mutation: Your spells are a little easier to cast, but a little less powerful. [potion of cure mutation]
    72 | D        | Lost mutation: You are surrounded by a mild repulsion field. (EV +2) [potion of cure mutation]
    72 | D        | Lost mutation: You are clumsy. (Dex -2) [potion of cure mutation]
    72 | D        | Lost mutation: Potions are less effective at restoring your health. [potion of cure mutation]
    89 | D        | Killed a hellion
    89 | D        | Killed a hellion
    90 | D        | Killed a hellion
    98 | D        | Killed a hellion
   105 | D        | Killed a yaktaur
   107 | D        | Noticed a water elemental
   112 | D        | Killed a water elemental
   112 | D        | Reached *** piety under Trog
   112 | D        | Reached skill level 5 in Fighting
   112 | D        | Reached skill level 5 in Maces & Flails
   112 | D        | Reached skill level 5 in Dodging
   112 | D        | Reached XP level 4. HP: 17/50 MP: 3/3
   178 | D        | Found a glowing silver altar of Zin.
   179 | D        | Found a glowing golden altar of the Shining One.
   179 | D        | Found a white marble altar of Elyvilon.
   179 | D        | Noticed a deep elf mage
   180 | D        | Killed a white draconian scorcher
   182 | D        | Killed a hellion
   184 | D        | Killed a hellion
   185 | D        | Killed a deep elf mage
   185 | D        | Reached XP level 5. HP: 62/62 MP: 4/4
   185 | D        | Reached XP level 6. HP: 71/71 MP: 5/5
   229 | D        | Killed a white draconian scorcher
   240 | D        | Found a radiant altar of Vehumet.
   240 | D        | Found a deep blue altar of Sif Muna.
   240 | D        | Found an ancient bone altar of Kikubaaqudgha.
   242 | D        | Reached **** piety under Trog
   242 | D        | Reached XP level 7. HP: 78/78 MP: 6/6
   265 | D        | Found a hide-covered altar of Uskayaw.
   265 | D        | Found a roughly hewn altar of Beogh.
   265 | D        | Found an iron altar of Okawaru.
   265 | D        | Found a bloodstained altar of Trog.
   265 | D        | Noticed a human
   266 | D        | Noticed a human
   284 | D        | Killed a human
   284 | D        | Reached ***** piety under Trog
   290 | D        | HP: 2/80 [human (10)]
   295 | D        | Killed a human
   407 | D        | Found a basalt altar of Yredelemnul.
   407 | D        | Found a shadowy altar of Dithmenos.
   407 | D        | Found a sacrificial altar of Ru.
   426 | D        | Noticed a shadow
   441 | D        | Killed a shadow
   441 | D        | Reached skill level 10 in Maces & Flails
   441 | D        | Reached XP level 8. HP: 76/91 MP: 7/7
   455 | D        | Found a blossoming altar of Fedhas.
   455 | D        | Found a stormy altar of Qazlal.
   455 | D        | Found a snail-covered altar of Cheibriados.
   455 | D        | Found a burning altar of Makhleb.
   455 | D        | Found a shimmering altar of Xom.
   456 | D        | Found a hazy altar of Hepliaklqana.
   456 | D        | Found an opulent altar of Gozag.
   456 | D        | Found a sparkling altar of Nemelex Xobeh.
   456 | D        | Found a corrupted altar of Lugonu.
   456 | D        | Found a viscous altar of Jiyva.
   560 | D        | Noticed Josephine
   580 | D        | Killed Josephine
   580 | D        | Received a gift from Trog
   580 | D        | Reached skill level 1 in Stealth
   628 | D        | Noticed an orc high priest
   632 | D        | Noticed an orc high priest
   651 | D        | Killed an orc high priest
   651 | D        | Reached skill level 10 in Fighting
   651 | D        | Reached skill level 1 in Axes
   651 | D        | Reached skill level 10 in Dodging
   651 | D        | Reached XP level 9. HP: 96/102 MP: 8/8
   652 | D        | Noticed a smoke demon
   657 | D        | Received a gift from Trog
   658 | D        | Reached skill level 2 in Axes
   666 | D        | Killed an orc high priest
   666 | D        | Reached skill level 3 in Axes
   667 | D        | Received a gift from Trog
   685 | D        | Found Wiveg's Antique Weapon Emporium.
   811 | D        | Received a gift from Trog
   811 | D        | Reached skill level 4 in Axes
   813 | D        | Noticed a centaur warrior
   822 | D        | Killed a centaur warrior
   822 | D        | Reached skill level 5 in Axes
   822 | D        | Reached XP level 10. HP: 82/114 MP: 9/9
   935 | D        | Killed an unseen horror
   935 | D        | Reached skill level 7 in Axes
  1137 | D        | Noticed a spiny frog
  1137 | D        | Noticed a spiny frog
  1143 | D        | Killed a spiny frog
  1143 | D        | Reached skill level 8 in Axes
  1144 | D        | Killed a spiny frog
  1150 | D        | Received a gift from Trog
  1190 | D        | Reached skill level 9 in Axes
  1192 | D        | Reached ****** piety under Trog
  1224 | D        | Received a gift from Trog
  1225 | D        | Got an ebony giant spiked club {god gift}
  1226 | D        | Identified the +4 giant spiked club of Resumed Hostilities {speed, Int+4} (Trog gifted it to you in the Dungeon)
  1243 | D        | Reached skill level 10 in Axes
  1328 | D        | Noticed Rupert
  1344 | D        | Killed Rupert
  1344 | D        | Reached skill level 11 in Axes
  1344 | D        | Reached XP level 11. HP: 92/124 MP: 10/10
  1430 | D        | Noticed an azure jelly
  1430 | D        | Noticed an azure jelly
  1430 | D        | Noticed an azure jelly
  1430 | D        | Noticed an azure jelly
  1432 | D        | Noticed a dire elephant
  1432 | D        | Noticed a dire elephant
  1432 | D        | Noticed Gastronok
  1444 | D        | Killed a dire elephant
  1444 | D        | Reached skill level 12 in Axes
  1448 | D        | Killed Gastronok
  1455 | D        | Killed a dire elephant
  1455 | D        | Received a gift from Trog
  1455 | D        | Reached skill level 13 in Axes
  1603 | D        | Noticed a death yak
  1604 | D        | Noticed a death yak
  1606 | D        | Noticed a death yak
  1607 | D        | Noticed a death yak
  1609 | D        | Killed a death yak
  1615 | D        | Killed a death yak
  1617 | D        | Killed a death yak
  1617 | D        | Received a gift from Trog
  1617 | D        | Reached skill level 14 in Axes
  1620 | D        | Killed a death yak
  1641 | D        | Received a gift from Trog
  1809 | D        | Received a gift from Trog
  1809 | D        | Reached XP level 12. HP: 115/136 MP: 9/11
  1817 | D        | Received a gift from Trog
  1834 | D        | Received a gift from Trog
  1843 | D        | Received a gift from Trog
  2041 | D        | Reached skill level 15 in Axes
  2127 | D        | Received a gift from Trog
  2129 | D        | Noticed Urug
  2136 | D        | Killed Urug
  2209 | D        | Noticed a seven-headed hydra
  2209 | D        | Noticed an eight-headed hydra
  2217 | D        | Killed a four-headed hydra
  2222 | D        | HP: 3/137 [six-headed hydra (10)]
  2222 | D        | HP: 1/137 [six-headed hydra (2)]
  2222 | D        | Mangled by a six-headed hydra

Vault maps used:
D:        dungeon_sprint_mu

Skill      XL: |  1  2  3  4  5  6  7  8  9 10 11 12 |
---------------+-------------------------------------+-----
Maces & Flails | 4 5 8 10 11 | 11.7
Dodging        | 3 5 7 8 10 11 12 | 12.2
Fighting       | 3 5 7 8 10 11 12 13 | 13.8
Stealth        | 1 2 3 4 |  4.3
Axes           | 1 5 11 14 15 | 15.6

Action                   |  1- 3 |  4- 6 |  7- 9 | 10-12 || total
-------------------------+-------+-------+-------+-------++-------
Melee: Mace              |    24 |     7 |    64 |       ||    95
       Battleaxe         |       |       |    47 |   137 ||   184
       Executioner's axe |       |       |       |     6 ||     6
Throw: Large rock        |       |       |       |     1 ||     1
Invok: Berserk           |     1 |     1 |     4 |     2 ||     8
       Brothers in Arms  |       |       |     3 |     5 ||     8
       Burn Spellbooks   |       |       |     1 |       ||     1
       Trog's Hand       |       |       |     1 |     1 ||     2
  Use: Potion            |     4 |       |       |       ||     4
 Stab: Sleeping          |       |       |       |     4 ||     4
  Eat: Chunk             |     1 |     2 |    17 |    18 ||    38
Armor: Animal skin       |     8 |     2 |    24 |    30 ||    64
Dodge: Dodged            |    10 |       |    52 |   118 ||   180
